 Dungeon Crawl Stone Soup version 0.18.1-6-gd335043 (webtiles) character file.

42 mopl the Sneak (level 3, -8/25 HPs)
             Began as a Vampire Transmuter on May 16, 2016.
             Mangled by a worm (11 damage)
             ... on level 2 of the Dungeon.
             The game lasted 00:01:36 (1653 turns).

mopl the Sneak (Vampire Transmuter)                 Turns: 1653, Time: 00:01:36

Health: -8/25      AC:  2    Str:  9    XL:     3   Next: 33%
Magic:  6/6        EV: 12    Int: 15    God:
Gold:   123        SH:  0    Dex: 15    Spells: 2 memorised, 3 levels left

rFire  . . .     SeeInvis +       - Unarmed
rCold  + . .     Gourm    .     b - +0 robe
rNeg   + + .     Faith    .     (no shield)
rPois  +         Spirit   .     (no helmet)
rElec  .         Dismiss  .     (no cloak)
rCorr  .         Reflect  .     (no gloves)
SustAt .         Harm     .     (no boots)
MR     .....                    (no amulet)
Stlth  +++.......               (no ring)
                                (no ring)

@: regenerating slowly, not resistant to hostile enchantments, fairly stealthy
A: fangs 3, see invisible, unbreathing
a: Bat Form


You were on level 2 of the Dungeon.
You were very thirsty.

You visited 1 branch of the dungeon, and saw 2 of its levels.

You collected 123 gold pieces.

Inventory:

Missiles
 a - 50 arrows
 l - 7 tomahawks (quivered)
Armour
 b - a +0 robe (worn)
Scrolls
 e - 3 scrolls of identify {unknown}
 f - a scroll of amnesia {unknown}
 i - 2 scrolls of teleportation {unknown}
 j - a scroll of fog {unknown}
 k - a scroll of remove curse {unknown}
 m - a scroll of enchant weapon {unknown}
Potions
 d - 2 potions of blood
 g - 2 potions of curing {unknown}
 h - a potion of brilliance {unknown}
Books
 c - a book of Changes

   Spells                             Type                      Level
   a - Beastly Appendage              Transmutation                1
   b - Sticks to Snakes               Transmutation                2
   c - Spider Form                    Transmutation/Poison         3
   d - Ice Form                       Ice/Transmutation            4
   e - Blade Hands                    Transmutation                5


   Skills:
 - Level 0.8 Fighting
 - Level 2.1 Dodging
 + Level 4.9 Stealth
 - Level 3.2 Unarmed Combat
 - Level 2.0 Spellcasting
 - Level 2.1 Transmutations


You had 3 spell levels left.
You knew the following spells:

 Your Spells              Type           Power        Failure   Level  Hunger
a - Beastly Appendage     Trmt           #.....       12%         1    #......
w - Sticks to Snakes      Trmt           #.......     14%         2    ###....


Dungeon Overview and Level Annotations

Branches:
Dungeon (2/15)

Altars:
Cheibriados


Innate Abilities, Weirdness & Mutations

You heal slowly.
You have razor-sharp teeth.
You have supernaturally acute eyesight.
You can survive without breathing.


Message History

You hit the worm.
The worm is moderately wounded.
You hit the worm. You bite the worm.
The worm is moderately wounded.
The worm barely misses you.
You hit the worm.
The worm is heavily wounded.
The worm barely misses you.
You hit the worm. You bite the worm.
The worm is heavily wounded.
You hit the worm.
The worm is severely wounded.
The worm bites you!
* * * LOW HITPOINT WARNING * * *
You hit the worm. You bite the worm, but do no damage.
The worm is severely wounded.
You hit the worm.
The worm is severely wounded.
The worm bites you!
You die...

.##########
....s.w@..#
....#####.#
# #.# #.#
#.##########
#.#.#
#.#........#
#.#.#
#.#.#####.##
#.#.# #.#.#
#.# #.#.#
#.#.# #.#


You could see a worm and a giant cockroach (sleeping).

Vanquished Creatures
  An ooze (D:1)
  A worm (D:2)
  3 dart slugs (D:1)
  2 giant geckos (D:1)
  3 giant cockroaches
  5 hobgoblins
  A ball python (D:1)
  3 bats (D:1)
  3 kobolds (D:1)
  5 rats (D:1)
27 creatures vanquished.

Notes
Turn   | Place    | Note
--------------------------------------------------------------
     0 | D:1      | mopl the Vampire Transmuter began the quest for the Orb.
     0 | D:1      | Reached XP level 1. HP: 14/14 MP: 3/3
    30 | D:1      | Reached skill level 1 in Stealth
    59 | D:1      | Reached skill level 2 in Stealth
   513 | D:1      | Reached XP level 2. HP: 19/20 MP: 5/5
   520 | D:1      | Reached skill level 3 in Stealth
   525 | D:1      | Learned a level 2 spell: Sticks to Snakes
   731 | D:1      | Reached skill level 4 in Stealth
   832 | D:1      | Reached XP level 3. HP: 24/25 MP: 6/6
  1379 | D:2      | Found a snail-covered altar of Cheibriados.
  1653 | D:2      | Mangled by a worm

Skill      XL: |  1  2 |
---------------+-------+-----
Stealth        | 2 4 |  4.9
Fighting       | |  0.8
Dodging        | |  2.1
Unarmed Combat | |  3.2
Spellcasting   | |  2.0
Transmutations | |  2.1

Action                   || total
-------------------------++-------
Melee: Unarmed           ||    99
       Bite              ||    14
 Stab: Sleeping          ||     5
       Distracted        ||     1
  Eat: Corpse            ||     1
Armor: Robe              ||    18
Dodge: Dodged            ||    62
